 Dungeon Crawl Stone Soup version 0.25-a0-780-g622e69b (webtiles) character file.

Game seed: 18265490491936996142, levelgen mode: deterministic

72 Gadicath the Slasher (level 4, -4/35 HPs)
             Began as a Barachi Skald on Apr 14, 2020.
             Slain by Crazy Yiuf
             ... wielding a +4 quarterstaff of chaos
              (12 damage)
             ... on level 2 of the Dungeon.
             The game lasted 00:06:41 (1722 turns).

Gadicath the Slasher (Barachi Skald)                Turns: 1722, Time: 00:06:41

Health: -4/35      AC:  3    Str: 13    XL:     4   Next: 26%
Magic:  6/7        EV: 12    Int: 13    God:
Gold:   82         SH:  0    Dex: 12    Spells: 1/7 levels left

rFire    . . .     SeeInvis .   a - +0 falchion
rCold    . . .     Gourm    .   (no shield)
rNeg     . . .     Faith    .   b - +0 leather armour
rPois    .         Spirit   .   (no helmet)
rElec    .         Reflect  .   (no cloak)
rCorr    .         Harm     .   (no gloves)
MR       .....                  (no boots)
Stlth    +.........             (no amulet)
HPRegen  0.11/turn              (no ring)
MPRegen  0.10/turn              (no ring)

@: lethally poisoned (-4 -> -7), slow
A: +LOS, swims, slowness 1, strong legs 1
a: Hop


You were on level 2 of the Dungeon.
You were not hungry.

You visited 1 branch of the dungeon, and saw 2 of its levels.

You collected 82 gold pieces.

Inventory:

Hand Weapons
 a - a +0 falchion (weapon)
Armour
 b - a +0 leather armour (worn)
Scrolls
 c - a scroll of remove curse {unknown}
 g - a scroll of teleportation
Comestibles
 d - 2 rations


   Skills:
 + Level 3.0 Fighting
 + Level 3.7 Long Blades
 + Level 2.3 Armour
 + Level 2.6 Dodging
 + Level 0.3 Stealth
 + Level 2.2 Spellcasting
 + Level 3.6 Charms


You had one spell level left.
You knew the following spells:

 Your Spells              Type           Power        Failure   Level  Hunger
a - Infusion              Chrm           ##..         7%          1    ##.....
b - Shroud of Golubria    Chrm/Tloc      #.....       22%         2    ###....
c - Spectral Weapon       Hex/Chrm       #.......     41%         3    ####...

Your spell library contained the following spells:

 Spells                   Type           Power        Failure   Level  Hunger
 Song of Slaying          Chrm           ##......     11%         2    ###....
 Ozocubu's Armour         Chrm/Ice       #.......     41%         3    ####...


Dungeon Overview and Level Annotations

Branches:
Dungeon (2/15)

Altars:
Hepliaklqana

Annotations:
D:2 Crazy Yiuf


Innate Abilities, Weirdness & Mutations

You can be seen from farther away. (+LOS)
You can swim through water.
You cover ground slowly.
You can hop short distances.


Message History

Your shroud bends Crazy Yiuf's attack away!
You hit Crazy Yiuf.
Crazy Yiuf is heavily wounded.
Your shroud begins to fray at the edges.
Crazy Yiuf cries, "Orb mobile disdain!"
Crazy Yiuf hits you with a +4 quarterstaff of chaos!
* * * LOW HITPOINT WARNING * * *
You are poisoned.
You feel sick.
You feel sick.
Crazy Yiuf says, "Mountain bag ena!"
Crazy Yiuf laughs, "Lay!
Ice foot ladder."
Crazy Yiuf misses you.
Your shroud unravels.
You feel sick.
As you read the scroll labeled KUTIDA NOIMACSO, it crumbles to dust.
It is a scroll of identify.
g - a scroll of teleportation Crazy Yiuf hits you with a +4 quarterstaff of chaos!
You die...

######### ........##
#......## #.#....(#
#......##
#.##.##.####♣♣ ### .
#.##...#..♣♣ ♣♣#..)#
.##.##.......♣♣♣♣.'...#
..#.##.#....@g♣..♣#...#
#.#.#.#.##...♣.♣♣♣ ###
#.#..###.##♣♣♣♣♣
#.#.#.# .# ####.#.##..
# #......##.##
#.##.####.# #.##.# #.#
#.##.# #.#


You could see Crazy Yiuf.

Vanquished Creatures
  Natasha (D:2)
  An adder (D:2)
  4 hobgoblins
  8 jackals
  5 kobolds (D:1)
  A quokka (D:2)
  6 bats
  A frilled lizard (D:1)
  4 goblins
  6 rats
37 creatures vanquished.

Notes
Turn   | Place    | Note
-------+----------+-------------------------------------------
     0 | D:1      | Gadicath the Barachi Skald began the quest for the Orb.
     0 | D:1      | Reached XP level 1. HP: 17/17 MP: 3/3
   104 | D:1      | Reached XP level 2. HP: 7/23 MP: 5/5
   909 | D:1      | Reached XP level 3. HP: 18/28 MP: 6/6
  1214 | D:2      | Found a hazy altar of Hepliaklqana.
  1374 | D:2      | Noticed Natasha
  1379 | D:2      | Learned a level 2 spell: Shroud of Golubria
  1384 | D:2      | Killed Natasha
  1384 | D:2      | Reached XP level 4. HP: 9/34 MP: 3/7
  1685 | D:2      | Learned a level 3 spell: Spectral Weapon
  1703 | D:2      | Found a runed translucent door.
  1704 | D:2      | Noticed Crazy Yiuf
  1722 | D:2      | Slain by Crazy Yiuf

Levels and vault maps discovered:
D:1:      lemuel_arrival_funnel, layout_loops_ring
D:2:      layout_loops_ring, lemuel_coloured_pillars_altar, old_standard_altar,
          first_ration, uniq_natasha, uniq_crazy_yiuf_cottage

Skill      XL: |  1  2  3  4 |
---------------+-------------+-----
Long Blades    | 3 |  3.7
Armour         | 2 |  2.3
Fighting       | 3 |  3.0
Dodging        | |  2.6
Stealth        | |  0.3
Spellcasting   | |  2.2
Charms         | |  3.6

Action                   |  1- 3 |  4- 6 || total
-------------------------+-------+-------++-------
Melee: Falchion          |   134 |    11 ||   145
 Cast: Infusion          |     1 |       ||     1
       Shroud of Golubri |       |     1 ||     1
  Use: Potion            |     2 |     1 ||     3
       Scroll            |     1 |     1 ||     2
 Stab: Sleeping          |     2 |       ||     2
  Eat: Chunk             |     2 |       ||     2
       Ration            |       |     1 ||     1
Armor: Leather armour    |    46 |       ||    46
Dodge: Dodged            |   110 |     5 ||   115
       Rpst.: Falchion   |    42 |     2 ||    44

Table legend:
 A = Non-vault XP
 B = Vault XP
 C = Vault XP percentage of total XP
 D = Non-vault monster count
 E = Vault monster count
 F = Vault count percentage of total count
                 A         B        C        D         E       F
            +---------+---------+-------+---------+---------+-------
      Total |      69 |      35 |  33.7 |      36 |       1 |   2.7
            +---------+---------+-------+---------+---------+-------
        D:1 |      38 |       0 |   0.0 |      24 |       0 |   0.0
        D:2 |      31 |      35 |  53.0 |      12 |       1 |   7.7
            +---------+---------+-------+---------+---------+-------
